 Dungeon Crawl Stone Soup version 0.28.0-53-g5a82cb258f (webtiles) character file.

Game seed: 5410130532927780316

580 issech the Chopper (level 7, -6/61 HPs)
             Began as a Minotaur Monk on June 5, 2022.
             Succumbed to a killer bee's poison
             ... on level 4 of the Dungeon.
             The game lasted 00:10:19 (4362 turns).

issech the Chopper (Minotaur Monk)                  Turns: 4362, Time: 00:10:20

Health: -6/61      AC: 13    Str: 16    XL:     7   Next: 13%
Magic:  6/6        EV:  8    Int:  7    God:
Gold:   187        SH:  0    Dex: 14    Spells: 6/6 levels left

rFire   . . .      SeeInvis .   c - +0 war axe
rCold   . . .      Faith    .   (no shield)
rNeg    . . .      Spirit   .   t - +0 chain mail
rPois   .          Reflect  .   (helmet restricted)
rElec   .          Harm     .   (no cloak)
rCorr   .          Rampage  .   (no gloves)
Will    .....                   (no boots)
Stlth   ..........              (no amulet)
HPRegen 0.20/turn               k - ring of flight
MPRegen 0.10/turn               A - +4 ring of protection

@: lethally poisoned (-6 -> -32), flying
A: horns 2, retaliatory headbutt
a: no special abilities


You were on level 4 of the Dungeon.
You visited 1 branch of the dungeon, and saw 4 of its levels.

You collected 187 gold pieces.

Inventory:

Hand Weapons
 c - a +0 war axe (weapon)
 d - a +0 short sword of venom
 n - a +3 dagger
 q - a +1 flail of holy wrath
 r - a +0 great sword
 v - a +0 spear of pain
 E - the +4 dagger of the Grave {distort, Will- Str+6}
   (You found it on level 4 of the Dungeon)

   It warps and distorts space around it, and may blink, banish, or inflict
   extra damage upon those it strikes.
   Unwielding it can cause banishment or high damage.
   Str:       It affects your strength (+6).
   Will:      It decreases your willpower.
Missiles
 h - 19 bolts
 l - 13 sling bullets
 o - 94 stones (quivered)
 x - 26 arrows
 B - 6 poisoned darts
Armour
 t - a +0 chain mail (worn)
Jewellery
 k - a ring of flight (left hand)
 A - a +4 ring of protection (right hand)
 F - a ring of fire
Wands
 z - a wand of mindburst (11)
 D - a wand of polymorph (9)
Scrolls
 a - a scroll of acquirement {unknown}
 g - a scroll of teleportation {unknown}
 j - 3 scrolls of fear {unknown}
 m - 2 scrolls of noise {unknown}
 p - 3 scrolls of magic mapping {unknown}
 u - a scroll of fog {unknown}
 y - 2 scrolls of identify {unknown}
 C - a scroll of torment {unknown}
 H - a scroll of vulnerability {unknown}
Potions
 b - 2 potions of heal wounds {unknown}
 e - 2 potions of curing {unknown}
 f - 2 potions of attraction {unknown}
 i - 2 potions of haste {unknown}
 s - a potion of flight {unknown}
 w - a potion of magic {unknown}
 G - a potion of invisibility {unknown}


   Skills:
 + Level 5.4 Fighting
 + Level 7.3 Axes
 + Level 4.2 Armour
 + Level 4.0 Dodging
 + Level 1.6 Stealth


You had 6 spell levels left.
You didn't know any spells.
Your spell library was empty.

Dungeon Overview and Level Annotations

Branches:
Dungeon (4/15)
 Temple: D:4-7

Altars:
Ashenzari

Annotations:
D:3 1 runed translucent door, Crazy Yiuf


Innate Abilities, Weirdness & Mutations

You have a pair of horns on your head.
You reflexively headbutt those who attack you in melee.


Message History

The killer bee is heavily wounded.
You feel sick. The killer bee closely misses you. The killer bee stings you.
You barely miss the killer bee. You headbutt the killer bee.
The killer bee is almost dead.
You feel sick.
The killer bee stings you but does no damage.
The killer bee completely misses you.
You miss the killer bee. Your headbutt misses the killer bee.
The killer bee is almost dead.
You feel sick.
The killer bee stings you but does no damage. x3
Unknown command.
You miss the killer bee.
You headbutt the killer bee, but do no damage.
The killer bee is almost dead.
You feel sick.
The killer bee stings you but does no damage.
The killer bee stings you.
You are more poisoned.
The killer bee poisons you!
You miss the killer bee. Your headbutt misses the killer bee.
The killer bee is almost dead.
You feel sick. The killer bee stings you!
* * * LOW HITPOINT WARNING * * *
You are lethally poisoned!
The killer bee poisons you! The killer bee barely misses you.
You furiously retaliate!
You headbutt the killer bee.
You kill the killer bee!
* * * LOW HITPOINT WARNING * * *
You feel very sick. The killer bee stings you.
* * * LOW HITPOINT WARNING * * *
You are more poisoned.
The killer bee poisons you! The killer bee stings you.
* * * LOW HITPOINT WARNING * * *
Things that are here:
a killer bee corpse; a killer bee corpse You slash the killer bee!
Your headbutt misses the killer bee.
The killer bee is heavily wounded.
You die...

#######.#
#..@y...#
#.#######
#.# #.#
#.# #.#
#.# #.#
#.##


You could see a killer bee.

Vanquished Creatures
  A necrophage (D:4)
  2 killer bees (D:4)
  A bullfrog zombie (D:3)
  An orc priest (D:3)
  A hound (D:4)
  Ijyb (D:3)
  An orc wizard (D:3)
  A hound skeleton (D:4)
  8 adders
  8 gnolls (D:2)
  3 dart slugs
  2 orcs (D:3)
  6 bats
  7 endoplasms
  4 giant cockroaches
  10 hobgoblins
  3 jackals (D:1)
  12 kobolds
  4 quokkas
  12 ball pythons
  3 frilled lizards (D:1)
  5 goblins
  13 rats
  2 bushes (D:2)
111 creatures vanquished.

Vanquished Creatures (others)
  15 plants (D:2)
15 creatures vanquished.

Grand Total: 126 creatures vanquished

Notes
Turn   | Place    | Note
-------+----------+-------------------------------------------
     0 | D:1      | issech the Minotaur Monk began the quest for the Orb.
     0 | D:1      | Reached XP level 1. HP: 19/19 MP: 0/0
   311 | D:1      | Reached skill level 4 in Axes
   425 | D:1      | Reached XP level 2. HP: 27/27 MP: 1/1
   516 | D:1      | Found a faded altar of an unknown god.
   745 | D:1      | Reached skill level 1 in Armour
   978 | D:1      | Reached XP level 3. HP: 28/33 MP: 2/2
  1342 | D:2      | Reached XP level 4. HP: 19/41 MP: 3/3
  1640 | D:2      | Found a broken altar of Ashenzari.
  1800 | D:2      | Reached skill level 5 in Axes
  2080 | D:2      | Reached XP level 5. HP: 30/47 MP: 4/4
  2864 | D:3      | Reached skill level 6 in Axes
  2953 | D:3      | Reached XP level 6. HP: 5/53 MP: 5/5
  2956 | D:3      | HP: 2/53 [something (1)]
  2963 | D:3      | HP: 2/53 [something (1)]
  3426 | D:3      | Found a runed translucent door.
  3427 | D:3      | Noticed Crazy Yiuf
  3595 | D:3      | Noticed Ijyb
  3609 | D:3      | Killed Ijyb
  3988 | D:4      | Reached skill level 7 in Axes
  4162 | D:4      | Identified the +4 dagger of the Grave {distort, Will-
                  | Str+6}
  4259 | D:4      | Reached skill level 5 in Fighting
  4354 | D:4      | Reached XP level 7. HP: 41/61 MP: 6/6
  4361 | D:4      | HP: 1/61 [killer bee (3)]
  4362 | D:4      | Succumbed to a killer bee's poison

Illustrated notes

Levels and vault maps discovered:
D:1:      sevenhm_arrival_forest_fort_small_5, layout_loops_ring,
          shapermc_ecumenical_altar_totnotflames
D:2:      layout_loops_cross, basic_altar, lexackson_kobold_supper
D:3:      layout_rooms, uniq_crazy_yiuf_cottage, uniq_ijyb
D:4:      layout_loops_ring, kennysheep_generic_room_3

Skill      XL: |  1  2  3  4  5  6 |
---------------+-------------------+-----
Axes           | 4 5 6 7 |  7.3
Armour         | 1 2 4 |  4.2
Fighting       | 4 5 |  5.4
Dodging        | 4 |  4.0
Stealth        | |  1.6

Action                   |  1- 3 |  4- 6 |  7- 9 || total
-------------------------+-------+-------+-------++-------
Melee: War axe           |    72 |   230 |     8 ||   310
       Headbutt          |     8 |    45 |     3 ||    56
       Punch             |       |     4 |       ||     4
Armor: Scale mail        |    44 |    14 |       ||    58
       Chain mail        |       |   115 |     8 ||   123
Dodge: Dodged            |    52 |   105 |     4 ||   161
